| TOP OF THE 1ST |
|
Nashville Sounds batting - Pitching for Columbus Clippers : RHP Ferdi Schipper
|
|
Pitching: RHP Ferdi Schipper
|
|
|
Batting: SHB Robert Santiago
|
0-0: Called Strike 0-1: Called Strike 0-2: Ball 1-2: Ball 2-2: Foul Ball, location: 2F 2-2: Ground out 2-3 (Groundball, 15S, EV 63.8 MPH)
|
|
Batting: LHB Tomas Segarra
|
0-0: Ball 1-0: SINGLE (Flyball, 6D, EV 86.9 MPH)
|
|
Batting: RHB Tim Cordle
|
0-0: Grounds into double play, 6-4-3 (Groundball, 6, EV 85.0 MPH)
|
| Top of the 1st over - 0 runs, 1 hit, 0 errors, 0 left on base; Nashville 0 - Columbus 0 |
| BOTTOM OF THE 1ST |
|
Columbus Clippers batting - Pitching for Nashville Sounds : RHP Victor Sanchez
|
|
Pitching: RHP Victor Sanchez
|
|
|
Batting: LHB Zack Berney
|
0-0: Foul Ball, location: 2F 0-1: Ground out 6-3 (Groundball, 6, EV 99.4 MPH)
|
|
Batting: RHB Chad Thompson
|
0-0: Foul Ball, location: 2F 0-1: Ball 1-1: Swinging Strike 1-2: Strikes out swinging
|
|
Batting: SHB Valentin Laporte
|
0-0: Foul Ball, location: 2F 0-1: Ball 1-1: Ball 2-1: Called Strike 2-2: Ball 3-2: Foul Ball, location: 2F 3-2: Foul Ball, location: 2F 3-2: Base on Balls
|
|
Batting: LHB Zion Davidson
|
0-0: Swinging Strike 0-1: Called Strike 0-2: SINGLE (Line Drive, 6MD, EV 98.8 MPH) Valentin Laporte to second
|
|
Batting: RHB Eddie LaRose
|
0-0: Ball 1-0: Swinging Strike 1-1: Called Strike 1-2: Ground out U3 (Groundball, 34S, EV 83.8 MPH)
|
| Bottom of the 1st over - 0 runs, 1 hit, 0 errors, 2 left on base; Nashville 0 - Columbus 0 |
| TOP OF THE 2ND |
|
Nashville Sounds batting - Pitching for Columbus Clippers : RHP Ferdi Schipper
|
|
Batting: RHB Bill Cabrera
|
0-0: Ball 1-0: Called Strike 1-1: Ball 2-1: Foul Ball, location: 2F 2-2: Ball 3-2: Strikes out swinging
|
|
Batting: RHB David Herrera
|
0-0: Ball 1-0: Called Strike 1-1: Foul Ball, location: 2F 1-2: Fly out, F8 (Flyball, 89M, EV 76.9 MPH)
|
|
Batting: RHB Jonathan Ellis
|
0-0: Ball 1-0: Called Strike 1-1: Fly out, F8 (Flyball, 8RD, EV 110.0 MPH)
|
| Top of the 2nd over - 0 runs, 0 hits, 0 errors, 0 left on base; Nashville 0 - Columbus 0 |
| BOTTOM OF THE 2ND |
|
Columbus Clippers batting - Pitching for Nashville Sounds : RHP Victor Sanchez
|
|
Batting: RHB Mike Quackenbush
|
0-0: Called Strike 0-1: Ball 1-1: Ground out 6-3 (Groundball, 6, EV 84.4 MPH)
|
|
Batting: RHB Rick O'Reilly
|
0-0: Called Strike 0-1: Called Strike 0-2: Ball 1-2: Ball 2-2: Ball 3-2: Strikes out swinging
|
|
Batting: RHB Justin Ganey
|
0-0: Called Strike 0-1: Called Strike 0-2: Ball 1-2: Foul Ball, location: 2F 1-2: Ball 2-2: Ball 3-2: Foul Ball, location: 2F 3-2: Foul Ball, location: 2F 3-2: Foul Ball, location: 2F 3-2: Ground out 1-3 (Groundball, 34S, EV 68.1 MPH)
|
| Bottom of the 2nd over - 0 runs, 0 hits, 0 errors, 0 left on base; Nashville 0 - Columbus 0 |
| TOP OF THE 3RD |
|
Nashville Sounds batting - Pitching for Columbus Clippers : RHP Ferdi Schipper
|
|
Batting: RHB Wade Diamond
|
0-0: Fly out, F4 (Popup, 3D, EV 55.0 MPH)
|
|
Batting: RHB Yonetoshi Muranaka
|
0-0: Ball 1-0: Ball 2-0: Fly out, F9 (Flyball, 9S, EV 84.4 MPH)
|
|
Batting: RHB Tony Crespo
|
0-0: Ball 1-0: Ball 2-0: Ball 3-0: Called Strike 3-1: Called Strike 3-2: Foul Ball, location: 2F 3-2: SINGLE (Groundball, 4MS, EV 66.9 MPH) (infield hit)
|
|
Batting: SHB Robert Santiago
|
0-0: Called Strike 0-1: Ball 1-1: Ball 2-1: Swinging Strike 2-2: Strikes out swinging
|
| Top of the 3rd over - 0 runs, 1 hit, 0 errors, 1 left on base; Nashville 0 - Columbus 0 |
| BOTTOM OF THE 3RD |
|
Columbus Clippers batting - Pitching for Nashville Sounds : RHP Victor Sanchez
|
|
Batting: RHB George Wagner
|
0-0: Ball 1-0: Called Strike 1-1: Ball 2-1: Foul Ball, location: 2F 2-2: Ball 3-2: Strikes out swinging
|
|
Batting: LHB Zack Berney
|
0-0: Ball 1-0: Foul Ball, location: 2F 1-1: Foul Ball, location: 2F 1-2: SINGLE (Line Drive, 7S, EV 92.5 MPH)
|
|
Batting: RHB Chad Thompson
|
0-0: Called Strike Zack Berney steals 2nd base 0-1: Ball 1-1: Ball 2-1: Ball 3-1: Foul Ball, location: 2F 3-2: Strikes out swinging
|
|
Batting: SHB Valentin Laporte
|
0-0: Ball 1-0: Called Strike 1-1: Ball 2-1: Called Strike 2-2: Ball 3-2: Base on Balls
|
|
Batting: LHB Zion Davidson
|
0-0: Foul Ball, location: 2F 0-1: Foul Ball, location: 2F 0-2: Ball 1-2: Ball 2-2: Foul Ball, location: 2F 2-2: SINGLE (Groundball, 4M, EV 98.8 MPH) (infield hit) Zack Berney to third Valentin Laporte to second
|
|
Batting: RHB Eddie LaRose
|
0-0: Ball 1-0: Called Strike 1-1: Foul Ball, location: 2F 1-2: Foul Ball, location: 2F 1-2: Strikes out looking
|
| Bottom of the 3rd over - 0 runs, 2 hits, 0 errors, 3 left on base; Nashville 0 - Columbus 0 |
| TOP OF THE 4TH |
|
Nashville Sounds batting - Pitching for Columbus Clippers : RHP Ferdi Schipper
|
|
Batting: LHB Tomas Segarra
|
0-0: Ground out U3 (Groundball, 3L, EV 100.0 MPH)
|
|
Batting: RHB Tim Cordle
|
0-0: Called Strike 0-1: Called Strike 0-2: Ball 1-2: Ball 2-2: Strikes out looking
|
|
Batting: RHB Bill Cabrera
|
0-0: Called Strike 0-1: Ball 1-1: Ball 2-1: Called Strike 2-2: Foul Ball, location: 2F 2-2: Fly out, F8 (Flyball, 89XD, EV 98.8 MPH)
|
| Top of the 4th over - 0 runs, 0 hits, 0 errors, 0 left on base; Nashville 0 - Columbus 0 |
| BOTTOM OF THE 4TH |
|
Columbus Clippers batting - Pitching for Nashville Sounds : RHP Victor Sanchez
|
|
Batting: RHB Mike Quackenbush
|
0-0: Ball 1-0: Foul Ball, location: 2F 1-1: Foul Ball, location: 2F 1-2: Fly out, F8 (Line Drive, 8LD, EV 88.1 MPH)
|
|
Batting: RHB Rick O'Reilly
|
0-0: Ball 1-0: Ball 2-0: Called Strike 2-1: Fly out, F8 (Flyball, 8LXD, EV 101.9 MPH)
|
|
Batting: RHB Justin Ganey
|
0-0: Swinging Strike 0-1: Ball 1-1: Ball 2-1: Foul Ball, location: 2F 2-2: Strikes out swinging
|
| Bottom of the 4th over - 0 runs, 0 hits, 0 errors, 0 left on base; Nashville 0 - Columbus 0 |
| TOP OF THE 5TH |
|
Nashville Sounds batting - Pitching for Columbus Clippers : RHP Ferdi Schipper
|
|
Batting: RHB David Herrera
|
0-0: Ball 1-0: Ground out 5-3 (Groundball, 5, EV 82.5 MPH)
|
|
Batting: RHB Jonathan Ellis
|
0-0: Ball 1-0: Called Strike 1-1: Foul Ball, location: 2F 1-2: Fly out, F7 (Flyball, 7S, EV 76.9 MPH)
|
|
Batting: RHB Wade Diamond
|
0-0: Fly out, F7 (Flyball, 7LM, EV 80.6 MPH)
|
| Top of the 5th over - 0 runs, 0 hits, 0 errors, 0 left on base; Nashville 0 - Columbus 0 |
| BOTTOM OF THE 5TH |
|
Columbus Clippers batting - Pitching for Nashville Sounds : RHP Victor Sanchez
|
|
Pitching: RHP A.J. Marston
|
|
|
Batting: RHB George Wagner
|
0-0: SINGLE (Groundball, 6S, EV 68.8 MPH) (infield hit)
|
|
Batting: LHB Zack Berney
|
0-0: SINGLE (Groundball, 4MD, EV 97.5 MPH) George Wagner to second
|
|
Batting: RHB Chad Thompson
|
0-0: Ball 1-0: Ball 2-0: Called Strike 2-1: Swinging Strike 2-2: Foul Ball, location: 2F 2-2: Foul Ball, location: 2F 2-2: Foul Ball, location: 2F 2-2: Fly out, F5 (Line Drive, 5, EV 63.8 MPH) Lined into DP, 5-4 (Line Drive, 5, EV 63.1 MPH)
|
|
Batting: SHB Valentin Laporte
|
0-0: Ball Zack Berney is caught stealing 2nd base 2-6
|
| Bottom of the 5th over - 0 runs, 2 hits, 0 errors, 0 left on base; Nashville 0 - Columbus 0 |
| TOP OF THE 6TH |
|
Nashville Sounds batting - Pitching for Columbus Clippers : RHP Ferdi Schipper
|
|
Batting: RHB Yonetoshi Muranaka
|
0-0: Foul Ball, location: 2F 0-1: Fly out, F3 (Popup, 3SF, EV 88.1 MPH)
|
|
Batting: RHB Tony Crespo
|
0-0: Called Strike 0-1: DOUBLE (Line Drive, 78XD, EV 106.9 MPH)
|
|
Batting: SHB Robert Santiago
|
0-0: Fly out, F8 (Flyball, 8RD, EV 98.1 MPH)
|
|
Batting: LHB Tomas Segarra
|
0-0: Called Strike 0-1: Foul Ball, location: 2F 0-2: Ball 1-2: Ball 2-2: Ball 3-2: Strikes out swinging
|
| Top of the 6th over - 0 runs, 1 hit, 0 errors, 1 left on base; Nashville 0 - Columbus 0 |
| BOTTOM OF THE 6TH |
|
Columbus Clippers batting - Pitching for Nashville Sounds : RHP A.J. Marston
|
|
Batting: SHB Valentin Laporte
|
0-0: Ball 1-0: Ball 2-0: Called Strike 2-1: Swinging Strike 2-2: SINGLE (Flyball, 8LS, EV 85.0 MPH)
|
|
Batting: LHB Zion Davidson
|
0-0: Ground out 4-3 (Groundball, 34S, EV 81.2 MPH) Valentin Laporte to second
|
|
Batting: RHB Eddie LaRose
|
0-0: Foul Ball, location: 2F 0-1: Ball 1-1: Foul Ball, location: 2F 1-2: Ball 2-2: Ground out 5-3 (Groundball, 56S, EV 85.0 MPH)
|
|
Batting: RHB Mike Quackenbush
|
0-0: Ball 1-0: Swinging Strike 1-1: Called Strike 1-2: Foul Ball, location: 2F 1-2: Foul Ball, location: 2F 1-2: Foul Ball, location: 2F 1-2: SINGLE (Flyball, 9LS, EV 90.6 MPH) Valentin Laporte to third Runner from 3rd tries for Home, SAFE, throw by RF to home
|
|
Batting: RHB Rick O'Reilly
|
0-0: Ball Pickoff Throw to First - Out! 1-3
|
| Bottom of the 6th over - 1 run, 2 hits, 0 errors, 0 left on base; Nashville 0 - Columbus 1 |
| TOP OF THE 7TH |
|
Nashville Sounds batting - Pitching for Columbus Clippers : RHP Ferdi Schipper
|
|
Now at 2B: Scott Scott
|
|
|
Batting: RHB Tim Cordle
|
0-0: SINGLE (Groundball, 6MD, EV 105.6 MPH)
|
|
Batting: RHB Bill Cabrera
|
0-0: Ball 1-0: Foul Ball, location: 2F 1-1: Foul Ball, location: 2F 1-2: Strikes out swinging
|
|
Batting: RHB David Herrera
|
0-0: Hit by Pitch Tim Cordle to second
|
|
Batting: RHB Jonathan Ellis
|
0-0: Ball 1-0: Called Strike 1-1: Swinging Strike 1-2: Strikes out swinging
|
|
Pinch Hitting: LHB Gregg Power
|
0-0: SINGLE (Groundball, 4MD, EV 98.8 MPH) Tim Cordle to third David Herrera to second Runner from 3rd tries for Home, SAFE, throw by CF to home
|
|
Batting: RHB Yonetoshi Muranaka
|
0-0: Swinging Strike 0-1: Foul Ball, location: 2F 0-2: Strikes out looking
|
| Top of the 7th over - 1 run, 2 hits, 0 errors, 2 left on base; Nashville 1 - Columbus 1 |
| BOTTOM OF THE 7TH |
|
Columbus Clippers batting - Pitching for Nashville Sounds : RHP A.J. Marston
|
|
Now in LF: Ruben Garza
|
|
|
Now in RF: Bill Cabrera
|
|
|
Pinch Hitting: LHB Tyler Babbitt
|
0-0: Called Strike 0-1: Ground out 5-3 (Groundball, 5, EV 106.9 MPH)
|
|
Batting: RHB Justin Ganey
|
0-0: Called Strike 0-1: Ball 1-1: Ball 2-1: Ball 3-1: Base on Balls
|
|
Pinch Hitting: LHB Jesus Lozano
|
0-0: Called Strike 0-1: Ball 1-1: Ball 2-1: Ball 3-1: Called Strike 3-2: SINGLE (Line Drive, 7LS, EV 101.2 MPH) Justin Ganey to second
|
|
Batting: LHB Zack Berney
|
0-0: Ball 1-0: Ball 2-0: Foul Ball, location: 2F 2-1: Ball 3-1: Foul Ball, location: 2F 3-2: Foul Ball, location: 2F 3-2: Base on Balls Justin Ganey to third Jesus Lozano to second
|
|
Batting: RHB Chad Thompson
|
0-0: Ball 1-0: Fly out, F9 (Flyball, 89D, EV 88.1 MPH) Runner from 3rd tags up, SCORES, no throw by RF Jesus Lozano to third
|
|
Pitching: LHP Bobby Molina
|
|
|
Batting: SHB Scott Scott
|
0-0: Ball 1-0: Ball 2-0: Ball 3-0: Base on Balls Zack Berney to second
|
|
Batting: LHB Zion Davidson
|
0-0: Foul Ball, location: 2F 0-1: Called Strike 0-2: Strikes out swinging
|
| Bottom of the 7th over - 1 run, 1 hit, 0 errors, 3 left on base; Nashville 1 - Columbus 2 |
| TOP OF THE 8TH |
|
Nashville Sounds batting - Pitching for Columbus Clippers : RHP Ferdi Schipper
|
|
Now at 2B: Jesus Lozano
|
|
|
Now at 3B: Scott Scott
|
|
|
Now in CF: Chad Thompson
|
|
|
Now in RF: Tyler Babbitt
|
|
|
Batting: RHB Tony Crespo
|
0-0: Called Strike 0-1: Ball 1-1: Foul Ball, location: 2F 1-2: Foul Ball, location: 2F 1-2: Ball 2-2: Ball 3-2: Hit by Pitch
|
|
Batting: SHB Robert Santiago
|
0-0: Called Strike 0-1: Ball Wild Pitch! Tony Crespo to second 1-1: Ball 2-1: Swinging Strike 2-2: Ground out 6-3 (Groundball, 6, EV 83.1 MPH) Tony Crespo to third
|
|
Batting: LHB Tomas Segarra
|
0-0: Called Strike 0-1: Ball 1-1: Ball 2-1: Foul Ball, location: 2F 2-2: Ball 3-2: Foul Ball, location: 2F 3-2: SINGLE (Line Drive, 5D, EV 97.5 MPH) Tony Crespo scores
|
|
Pitching: RHP Dennis Beals
|
|
|
Batting: RHB Tim Cordle
|
0-0: Ball 1-0: Grounds into double play, 5-4-3 (Groundball, 56S, EV 83.1 MPH)
|
| Top of the 8th over - 1 run, 1 hit, 0 errors, 0 left on base; Nashville 2 - Columbus 2 |
| BOTTOM OF THE 8TH |
|
Columbus Clippers batting - Pitching for Nashville Sounds : LHP Bobby Molina
|
|
Batting: RHB Eddie LaRose
|
0-0: Called Strike 0-1: SOLO HOME RUN (Line Drive, 7LD, EV 103.8 MPH), Distance : 374 ft
|
|
Batting: RHB Mike Quackenbush
|
0-0: Ball 1-0: Ground out 4-3 (Groundball, 4, EV 105.0 MPH)
|
|
Batting: LHB Tyler Babbitt
|
0-0: Ball 1-0: Called Strike 1-1: Fly out, F8 (Flyball, 8RD, EV 96.2 MPH)
|
|
Batting: RHB Justin Ganey
|
0-0: Ball 1-0: Reached on error, E6 (Groundball, 6, EV 85.0 MPH)
|
|
Batting: LHB Jesus Lozano
|
0-0: Called Strike 0-1: Ball Justin Ganey is caught stealing 2nd base 2-6
|
| Bottom of the 8th over - 1 run, 1 hit, 1 error, 0 left on base; Nashville 2 - Columbus 3 |
| TOP OF THE 9TH |
|
Nashville Sounds batting - Pitching for Columbus Clippers : RHP Dennis Beals
|
|
Now at 2B: Scott Scott
|
|
|
Now at 3B: Kyle Scruggs
|
|
|
Batting: RHB Bill Cabrera
|
0-0: Foul Ball, location: 2F 0-1: Ball 1-1: Fly out, F8 (Flyball, 8LM, EV 71.9 MPH)
|
|
Batting: RHB David Herrera
|
0-0: Fly out, F8 (Line Drive, 8RD, EV 96.2 MPH)
|
|
Batting: RHB Jonathan Ellis
|
0-0: Called Strike 0-1: Ball 1-1: Foul Ball, location: 2F 1-2: Strikes out swinging
|
| Top of the 9th over - 0 runs, 0 hits, 0 errors, 0 left on base; Nashville 2 - Columbus 3 |
|